 Dungeon Crawl Stone Soup version 0.26.0-10-g1f06aea511 (webtiles) character file.

Game seed: 2366355290961057294

30 Borgoz the Cudgeller (level 3, -1/30 HPs)
             Began as a Ghoul Gladiator on Jan 15, 2021.
             Slain by Sigmund
             ... wielding a +0 scythe
              (11 damage)
             ... on level 2 of the Dungeon.
             The game lasted 00:02:06 (1084 turns).

Borgoz the Cudgeller (Ghoul Gladiator)              Turns: 1084, Time: 00:02:07

Health: -1/30      AC:  4    Str: 15 (17) XL:     3   Next: 20%
Magic:  2/2        EV: 12    Int:  2 (3)  God:
Gold:   129        SH:  0    Dex: 10 (11) Spells: 2/2 levels left

rFire    . . .     SeeInvis .   a - +0 flail
rCold    + . .     Faith    .   (no shield)
rNeg     + + +     Spirit   .   b - +0 leather armour
rPois    ∞         Reflect  +   c - +0 helmet
rElec    .         Harm     .   (no cloak)
rCorr    .         Rampage  .   (no gloves)
Will     .....                  (no boots)
Stlth    ..........             e - amulet of reflection
HPRegen  0.00/turn              (no ring)
MPRegen  0.08/turn              (no ring)

@: confused
A: claws 1, cold resistance 1, negative energy resistance 3, inhibited
regeneration, torment resistance, unbreathing
a: no special abilities


You were on level 2 of the Dungeon.
You visited 1 branch of the dungeon, and saw 2 of its levels.

You collected 129 gold pieces.

Inventory:

Hand Weapons
 a - a +0 flail (weapon)
Missiles
 d - 3 throwing nets (quivered)
Armour
 b - a +0 leather armour (worn)
 c - a +0 helmet (worn)
Jewellery
 e - an amulet of reflection (around neck)
Potions
 g - a potion of magic


   Skills:
 + Level 2.7 Fighting
 + Level 3.0 Maces & Flails
 + Level 2.2 Throwing
 + Level 3.0 Dodging


You had 2 spell levels left.
You didn't know any spells.
Your spell library was empty.

Dungeon Overview and Level Annotations

Branches:
Dungeon (2/15)

Altars:

Annotations:
D:2 Sigmund


Innate Abilities, Weirdness & Mutations

You thrive by killing the living.
You are immune to poison.
You have sharp fingernails.
Your flesh is cold resistant. (rC+)
You are immune to negative energy. (rN+++)
You do not regenerate when monsters are visible.
You are immune to unholy pain and torment.
You can survive without breathing.


Message History

Your body decomposes!
You feel weakened.
Your body decomposes!
You feel dopey.
Your body decomposes!
You feel clumsy. Sigmund barely misses you.
You barely miss Sigmund. Sigmund completely misses you.
You closely miss Sigmund. Sigmund gestures at you while chanting.
You are confused.
You barely miss Sigmund. Sigmund hits you but does no damage.
Sigmund casts a spell at you. The magic dart hits you!
Sigmund barely misses you.
Sigmund points at you and mumbles some strange words.
You are more confused.
Sigmund closely misses you. Sigmund hits you with a +0 scythe!
You die...

#.....#..............
#.....###.#...###....
###..................
#.........#.###....
#..................
###..####...#.###....
####.#.............# #....
..........@..#.#...# #....
####.#.#.@#..#.#...###....
# #.#.<#...............
#.#..#....#..####....
.....................
#.##.#..###..####....
#....#..# #..# #.###
#.##.#... ...####.###
#.##.###.......... #.##.#
#..##.#####


You could see Sigmund.

Vanquished Creatures
  An adder (D:1)
  A leopard gecko (D:1)
  A giant cockroach (D:1)
  4 hobgoblins (D:1)
  2 jackals (D:1)
  2 kobolds (D:1)
  2 ball pythons (D:1)
  4 bats (D:1)
  A leopard gecko skeleton (D:2)
  A rat (D:1)
19 creatures vanquished.

Notes
Turn   | Place    | Note
-------+----------+-------------------------------------------
     0 | D:1      | Borgoz the Ghoul Gladiator began the quest for the Orb.
     0 | D:1      | Reached XP level 1. HP: 17/17 MP: 0/0
   193 | D:1      | Reached XP level 2. HP: 21/25 MP: 1/1
   756 | D:2      | Noticed Sigmund
   800 | D:1      | Reached XP level 3. HP: 4/30 MP: 2/2
  1084 | D:2      | Slain by Sigmund

Illustrated notes

Levels and vault maps discovered:
D:1:      moated_graveyard_arrival, layout_basic
D:2:      layout_basic, gammafunk_temple_overflow_statue, serial_undead,
          serial_undead_b, serial_undead_e, serial_undead_e, serial_undead_d,
          uniq_sigmund

Skill      XL: |  1  2 |
---------------+-------+-----
Throwing       | 2 |  2.2
Maces & Flails | 3 |  3.0
Dodging        | 3 |  3.0
Fighting       | |  2.7

Action                   || total
-------------------------++-------
Melee: Flail             ||    79
Throw: Throwing net      ||     1
  Use: Scroll            ||     1
       Potion            ||     1
 Stab: Held in net/web   ||     1
Armor: Leather armour    ||    33
Dodge: Dodged            ||    71
Block: Other             ||    42
